 Dungeon Crawl Stone Soup version 0.20.2-3-g29329e0561 (webtiles) character file.

459 Alfie the Shooter (level 6, -5/52 HPs)
             Began as a Minotaur Hunter on June 26, 2020.
             Slain by a sky beast (6 damage)
             ... on level 4 of the Dungeon.
             The game lasted 00:09:16 (3155 turns).

Alfie the Shooter (Minotaur Hunter)                 Turns: 3155, Time: 00:09:16

Health: -5/52      AC:  3    Str: 19    XL:     6   Next: 78%
Magic:  5/5        EV: 12    Int:  8    God:
Gold:   197        SH:  0    Dex: 12    Spells: 5/5 levels left

rFire    . . .     SeeInvis .   b - +0 short sword
rCold    . . .     Gourm    .   (no shield)
rNeg     . . .     Faith    .   c - +0 leather armour
rPois    .         Spirit   .   (helmet restricted)
rElec    .         Reflect  .   (no cloak)
rCorr    .         Harm     .   (no gloves)
MR       .....                  (no boots)
Stlth    +.........             (no amulet)
Regen    0.2/turn               e - +2 ring of dexterity
MPRegen  0.1/turn               (no ring)

@: no status effects
A: retaliatory headbutt, horns 2
a: no special abilities


You were on level 4 of the Dungeon.
You were not hungry.

You visited 1 branch of the dungeon, and saw 5 of its levels.

You collected 197 gold pieces.

Inventory:

Hand Weapons
 a - a +1 shortbow
 b - a +0 short sword (weapon)
Missiles
 d - 32 arrows
Armour
 c - a +0 leather armour (worn)
Jewellery
 e - a +2 ring of dexterity (left hand)
 k - an uncursed amulet of regeneration {unknown}
Wands
 l - a wand of lightning (10/15)
Scrolls
 m - a scroll of remove curse
 n - a scroll of recharging
Potions
 g - a potion of flight
 o - a potion of heal wounds {unknown}
Comestibles
 f - 3 bread rations
 h - 2 meat rations
 i - 4 fruits


   Skills:
 + Level 4.1 Fighting
 + Level 0.4 Short Blades
 + Level 7.6 Bows
 + Level 2.4 Armour
 + Level 2.7 Dodging
 + Level 1.5 Stealth


You had 5 spell levels left.
You didn't know any spells.

Dungeon Overview and Level Annotations

Branches:
Dungeon (5/15)             Temple (0/1) D:4

Altars:
Gozag
Kikubaaqudgha
Sif Muna
Uskayaw


Innate Abilities, Weirdness & Mutations

You reflexively headbutt those who attack you in melee.
You have a pair of horns on your head.


Message History

Something hits you. Something shocks you.
You barely miss something.
A sky beast appears from thin air!
Reactivating autopickup.
The sky beast hits you. The sky beast shocks you.
You closely miss the sky beast. The sky beast misses you.
You closely miss the sky beast.
The sky beast flickers out of sight!
Deactivating autopickup; reactivate with Ctrl-A.
Something hits you. Something shocks you.
You miss something. Your headbutt misses something. Something hits you.
Something shocks you.
* * * LOW HITPOINT WARNING * * *
You miss something. Something hits you.
* * * LOW HITPOINT WARNING * * *
Something shocks you.
* * * LOW HITPOINT WARNING * * *
You hit something but do no damage. Your headbutt misses something.
Something hits you.
* * * LOW HITPOINT WARNING * * *
Something shocks you.
You die...

#.###.........#
##.# #. #.#
##......#.# #.#
#.
#.#####.##.##.#
#.# #(
#.......##.##.#
#.# #.
#..#######.##.#
#.# #. #.....#
#.##.# #.# #.
#.###.# #.##.#
#.###### #.
#.###.####.##.##
#......# #.
#.....<....{@..#
######.# #.
#####.########.#
#.###. #.# #.#
#..... #.#
#.#############.
#.# #.........#
#. #.#
#########.# #.
#.# #.# #. #.#
#(# #. #.# #.#
####


There were no monsters in sight!

Vanquished Creatures
  A phantom (D:4)
  An ogre (D:4)
  2 scorpions
  A worker ant (D:4)
  A howler monkey skeleton (D:4)
  5 adders
  An ooze (D:2)
  3 worms
  4 dart slugs
  4 leopard geckos
  5 orcs
  12 giant cockroaches
  5 goblins
  10 hobgoblins
  6 jackals
  8 kobolds
  5 bats
  3 frilled lizards
  A leopard gecko skeleton (D:4)
  2 rats
80 creatures vanquished.

Notes
Turn   | Place    | Note
-------+----------+-------------------------------------------
     0 | D:1      | Alfie the Minotaur Hunter began the quest for the Orb.
     0 | D:1      | Reached XP level 1. HP: 18/18 MP: 0/0
   149 | D:1      | Reached XP level 2. HP: 25/25 MP: 1/1
   310 | D:1      | Reached skill level 1 in Stealth
   317 | D:1      | Reached skill level 5 in Bows
   574 | D:1      | Reached XP level 3. HP: 30/30 MP: 2/2
   922 | D:2      | Found a hide-covered altar of Uskayaw.
  1145 | D:2      | Reached XP level 4. HP: 37/37 MP: 3/3
  1286 | D:2      | Reached skill level 1 in Armour
  1300 | D:2      | Found an ancient bone altar of Kikubaaqudgha.
  1657 | D:3      | Found a deep blue altar of Sif Muna.
  2034 | D:3      | Reached skill level 6 in Bows
  2313 | D:4      | Found an opulent altar of Gozag.
  2350 | D:4      | Reached XP level 5. HP: 45/45 MP: 4/4
  2550 | D:4      | Noticed a phantom
  2570 | D:4      | Killed a phantom
  2570 | D:4      | Reached XP level 6. HP: 38/51 MP: 5/5
  2736 | D:4      | Found a staircase to the Ecumenical Temple.
  2768 | D:4      | Reached skill level 7 in Bows
  2798 | D:4      | Found Vacucwys's Distillery.
  3135 | D:5      | Entered Level 5 of the Dungeon
  3135 | D:5      | Noticed a sky beast
  3155 | D:4      | HP: 1/52 [something (5)]
  3155 | D:4      | Slain by a sky beast

Skill      XL: |  1  2  3  4  5  6 |
---------------+-------------------+-----
Stealth        | 1 |  1.5
Bows           | 5 6 7 |  7.6
Armour         | 2 |  2.4
Fighting       | 3 4 |  4.1
Short Blades   | |  0.4
Dodging        | |  2.7

Action                   |  1- 3 |  4- 6 || total
-------------------------+-------+-------++-------
Melee: Short sword       |    21 |    22 ||    43
       Headbutt          |     3 |     3 ||     6
       Shortbow          |       |     1 ||     1
 Fire: Shortbow          |    82 |   126 ||   208
  Use: Scroll            |     4 |     6 ||    10
       Potion            |     2 |     1 ||     3
  Eat: Fruit             |     1 |     2 ||     3
       Royal jelly       |       |     2 ||     2
Armor: Leather armour    |     8 |     9 ||    17
Dodge: Dodged            |    32 |    37 ||    69
